 Dungeon Sprint DCSS version 0.27.1 (webtiles) character file.

Game seed: 6841559963178983370

4900 styxcanada the Imperceptible (level 10, -7/53 HPs)
             Began as a Spriggan Brigand on Sept 3, 2021.
             Was an Initiate of Gozag.
             Mangled by a spriggan rider (21 damage)
             ... in the Dungeon (Sprint IV: "Fedhas' Mad Dash").
             The game lasted 00:08:08 (1044 turns).

styxcanada the Imperceptible (Spriggan Brigand)     Turns: 1044, Time: 00:08:09

Health: -7/53      AC:  3    Str: 13    XL:     10   Next: 27%
Magic:  19/19      EV: 25    Int: 13    God:    Gozag
Gold:   1110       SH:  0    Dex: 20    Spells: 15/20 levels left

rFire    . . .     SeeInvis +   a - +2 dagger
rCold    . . .     Faith    .   (shield restricted)
rNeg     . . .     Spirit   .   b - +0 robe
rPois    .         Reflect  .   (helmet restricted)
rElec    .         Harm     .   c - +0 cloak
rCorr    .         Rampage  .   (gloves unavailable)
Will     ++...     NoTele   +   (boots unavailable)
Stlth    +++++++++.             l - amulet of invisibility {+Inv}
HPRegen  0.17/turn              q - +6 ring of strength
MPRegen  0.16/turn              s - ring of willpower

@: very slightly contaminated, invisible, very quick
A: very small, no large weapons, unfitting armour, see invisible, speed 3
a: Renounce Religion, Evoke Invisibility, Potion Petition, Call Merchant, Bribe
Branch


You were in the Dungeon.
You worshipped Gozag.
Gozag was most pleased with you.
You visited 1 branch You collected 2040 gold pieces.
You spent 930 gold pieces at shops.

Inventory:

Hand Weapons
 a - a +2 dagger (weapon)
Missiles
 d - 13 poisoned darts (quivered)
 e - 2 curare-tipped darts
Armour
 b - a +0 robe (worn)
 c - a +0 cloak (worn)
Jewellery
 l - the amulet of invisibility (around neck) {+Inv}
   (You found it in the Dungeon)

   [amulet of nothing]

   +Inv:      It lets you turn invisible.
 q - a +6 ring of strength (left hand)
 s - a ring of willpower (right hand)
Wands
 t - a wand of iceblast (8)
Scrolls
 k - 2 scrolls of blinking
 m - a scroll of fog
 p - a scroll of summoning
 u - a scroll of amnesia
Potions
 f - a potion of curing
 g - a potion of heal wounds
 h - a potion of haste
 i - 2 potions of magic
 j - a potion of berserk rage
 r - a potion of cancellation


   Skills:
 * Level 6.4 Fighting
 + Level 6.2 Short Blades
 + Level 3.7 Throwing
 * Level 10.3 Dodging
 * Level 23.9 Stealth
 * Level 5.8 Spellcasting
 * Level 2.7 Conjurations
 * Level 3.0 Fire Magic
 * Level 3.2 Earth Magic
 * Level 11.2 Evocations


You had 15 spell levels left.
You knew the following spells:

 Your Spells              Type           Power      Damage    Failure   Level
a - Bolt of Magma         Conj/Fire/Erth 5%         4d5       80%         5

Your spell library contained the following spells:

 Spells                   Type           Power      Damage    Failure   Level
 Gell's Gravitas          Tloc           1%         N/A       45%         3
 Lesser Beckoning         Tloc           1%         N/A       45%         3
 Teleport Other           Tloc           3%         N/A       45%         3
 Leda's Liquefaction      Hex/Erth       4%         N/A       65%         4
 Borgnjor's Vile Clutch   Necr/Erth      4%         N/A       94%         5
 Alistair's Intoxication  Tmut/Pois      2%         N/A       99%         5
 Eringya's Noxious Bog    Tmut/Pois      1%         N/A       100%        6
 Statue Form              Tmut/Erth      5%         N/A       100%        6


Dungeon Overview and Level Annotations

Branches:
Dungeon (1/1)

Altars:
Cheibriados
Dithmenos
Elyvilon
Gozag
Hepliaklqana
Kikubaaqudgha
Makhleb
Nemelex Xobeh
Okawaru
Qazlal
Ru
Sif Muna
Trog
Uskayaw
Vehumet
Wu Jian
Xom
Yredelemnul
Zin
The Shining One
Beogh
Jiyva
Lugonu

Shops:
D =(:?(:


Innate Abilities, Weirdness & Mutations

You are very small and have problems with some larger weapons.
You are too small for most types of armour.
You have supernaturally acute eyesight. (SInv)
You cover ground extremely quickly. (Speed+++)


Message History

Found 13 gold pieces.
The helpless spriggan fails to defend itself.
You perforate the spriggan like a sieve!!!!!
You kill the spriggan!
The spriggan rider hits you with a +0 spear!
Your Fire Magic skill increases to level 3!
Unknown command.
You barely miss the spriggan rider.
The spriggan rider hits you with a +0 spear!!
Throw: 17 darts (poison)
Press: ? - help, Q - select action, (/) - cycle Shift-Dir - straight line, f - spriggan rider
Aim: a spriggan rider, wielding a +0 spear (42% to hit)
You throw a poisoned dart.
The poisoned dart misses the spriggan rider.
The spriggan rider hits you with a +0 spear!
* * * LOW HITPOINT WARNING * * *
There is an open door here.
Throw: 16 darts (poison)
Press: ? - help, Q - select action, (/) - cycle Shift-Dir - straight line, f/p - spriggan rider
Aim: a spriggan rider, wielding a +0 spear (42% to hit)
You throw a poisoned dart.
The poisoned dart hits the spriggan rider.
The spriggan rider is poisoned.
The spriggan rider closely misses you.
There is an open door here.
Throw: 15 darts (poison)
Press: ? - help, Q - select action, (/) - cycle Shift-Dir - straight line, f/p - spriggan rider
Aim: a spriggan rider, wielding a +0 spear (lightly wounded, poisoned, 42% to hit)
You throw a poisoned dart.
The poisoned dart hits the spriggan rider.
The spriggan rider looks even sicker.
The spriggan rider is lightly wounded.
Throw: 14 darts (poison)
Press: ? - help, Q - select action, (/) - cycle Shift-Dir - straight line, f/p - spriggan rider
Aim: a spriggan rider, wielding a +0 spear (lightly wounded, very poisoned, 42% to hit)
You throw a poisoned dart.
The poisoned dart barely misses the spriggan rider.
The spriggan rider hits you from afar with a +0 spear!!
You die...
Your body crumbles into a pile of gold.

########################***
_._._.⌠.#..'.))#....##∩#*,*
._._._..'..#...#....'(.##+#
_._._...#..###'##.).##∩#$$####
._._._..#..##∩∩.'...#####..(.#
_._._.⌠.#################...∩#
#############......###....$♣,*
..♣.###.'..'....@.i'.(.($♣..∩#
♣..♣##..#..#.P.....###########
.♣).###.##+##.P....#
...♣'...#*,*########
#########,,,,,**** *
***,,*,,*,,,,***
*****,,,*,,,,,,*,,,****
,,,,,,,,,*,,,,,∩,∩,,,,*
,,*********************


You could see a spriggan rider (very poisoned).

Vanquished Creatures
  A spriggan druid (D)
  6 oklob plants (D)
  A queen bee (D)
  3 wandering mushrooms (D)
  3 burning bushes (D)
  3 scorpions (D)
  4 killer bees (D)
  5 oklob saplings (D)
  4 spriggans (D)
  A river rat (D)
  A rat (D)
  A ballistomycete spore (D)
33 creatures vanquished.

Notes
Turn   | Place    | Note
-------+----------+-------------------------------------------
     0 | D        | styxcanada the Spriggan Brigand began the quest for the
                  | Orb.
     0 | D        | Reached XP level 1. HP: 10/10 MP: 2/2
     9 | D        | Reached skill level 8 in Stealth
     9 | D        | Reached XP level 2. HP: 15/15 MP: 3/3
    48 | D        | Noticed an oklob sapling
    50 | D        | Killed an oklob sapling
    51 | D        | Reached skill level 10 in Stealth
    51 | D        | Reached XP level 3. HP: 18/18 MP: 4/4
    52 | D        | Noticed a scorpion
    52 | D        | Found the amulet of invisibility {+Inv}
    54 | D        | Killed a scorpion
    55 | D        | Reached skill level 12 in Stealth
    55 | D        | Reached XP level 4. HP: 23/23 MP: 5/5
    77 | D        | Found an opulent altar of Gozag.
    77 | D        | Found a hazy altar of Hepliaklqana.
    77 | D        | Found a burning altar of Makhleb.
    77 | D        | Found a sparkling altar of Nemelex Xobeh.
    77 | D        | Found a snail-covered altar of Cheibriados.
    77 | D        | Found a sacrificial altar of Ru.
    77 | D        | Found a shimmering blue altar of Sif Muna.
    77 | D        | Found a shimmering altar of Xom.
    77 | D        | Found a basalt altar of Yredelemnul.
    78 | D        | Found a viscous altar of Jiyva.
    78 | D        | Found a bloodstained altar of Trog.
    78 | D        | Found an ornate altar of the Wu Jian Council.
    79 | D        | Found an iron altar of Okawaru.
    79 | D        | Found a shadowy altar of Dithmenos.
    79 | D        | Found a glowing silver altar of Zin.
    80 | D        | Found an ancient bone altar of Kikubaaqudgha.
    80 | D        | Found a hide-covered altar of Uskayaw.
    81 | D        | Found a stormy altar of Qazlal.
    81 | D        | Found a white marble altar of Elyvilon.
    81 | D        | Found a glowing golden altar of the Shining One.
    82 | D        | Became a worshipper of Gozag Ym Sagoz the Greedy
    83 | D        | Found a corrupted altar of Lugonu.
    83 | D        | Found a radiant altar of Vehumet.
    87 | D        | Reached skill level 13 in Stealth
    87 | D        | Reached skill level 1 in Evocations
    87 | D        | Reached XP level 5. HP: 28/28 MP: 3/6
    99 | D        | Reached skill level 14 in Stealth
   144 | D        | Reached skill level 5 in Dodging
   145 | D        | Reached skill level 15 in Stealth
   147 | D        | Reached XP level 6. HP: 32/32 MP: 4/7
   175 | D        | Found Beelarchafet's Weapon Shop.
   175 | D        | Found Zude's Jewellery Emporium.
   198 | D        | Noticed a burning bush
   198 | D        | Noticed a wandering mushroom
   199 | D        | Noticed a wandering mushroom
   202 | D        | Killed a burning bush
   203 | D        | Reached skill level 17 in Stealth
   203 | D        | Killed a wandering mushroom
   204 | D        | Reached skill level 18 in Stealth
   204 | D        | Reached skill level 5 in Evocations
   204 | D        | Reached XP level 7. HP: 38/38 MP: 5/8
   205 | D        | Reached skill level 19 in Stealth
   205 | D        | Killed a wandering mushroom
   206 | D        | Reached XP level 8. HP: 42/42 MP: 5/9
   219 | D        | Found Otou's Magic Scroll Emporium.
   219 | D        | Found Rer Olob's Book Shoppe.
   227 | D        | Bought a scroll of identify for 24 gold pieces
   227 | D        | Bought a scroll of magic mapping for 42 gold pieces
   227 | D        | Bought a scroll of identify for 24 gold pieces
   227 | D        | Bought a scroll of identify for 24 gold pieces
   227 | D        | Bought a scroll of summoning for 114 gold pieces
   277 | D        | Reached skill level 20 in Stealth
   283 | D        | Noticed a queen bee
   290 | D        | Killed a queen bee
   291 | D        | Reached skill level 5 in Fighting
   291 | D        | Reached skill level 1 in Spellcasting
   432 | D        | Bought a +6 ring of strength for 702 gold pieces
   469 | D        | Noticed an oklob plant
   472 | D        | Killed an oklob plant
   473 | D        | Reached skill level 5 in Short Blades
   473 | D        | Reached skill level 21 in Stealth
   484 | D        | Learned a level 5 spell: Bolt of Magma
   531 | D        | Noticed a burning bush
   534 | D        | Killed a burning bush
   535 | D        | Reached XP level 9. HP: 47/47 MP: 11/15
   583 | D        | Noticed a burning bush
   583 | D        | Noticed an oklob plant
   584 | D        | Noticed a wandering mushroom
   585 | D        | Killed a burning bush
   586 | D        | Reached skill level 22 in Stealth
   586 | D        | Reached skill level 1 in Fire Magic
   586 | D        | Reached skill level 1 in Earth Magic
   590 | D        | Killed an oklob plant
   591 | D        | Reached skill level 1 in Conjurations
   594 | D        | Killed a wandering mushroom
   646 | D        | Noticed a spriggan druid
   648 | D        | Killed a spriggan druid
   649 | D        | Reached skill level 23 in Stealth
   649 | D        | Reached skill level 10 in Evocations
   714 | D        | Noticed an oklob plant conjurer
   715 | D        | Killed an oklob plant conjurer
   716 | D        | Reached skill level 5 in Spellcasting
   891 | D        | Noticed an oklob plant
   891 | D        | Noticed an oklob plant summoner
   892 | D        | Noticed an oklob plant shifter
   896 | D        | Killed an oklob plant
   897 | D        | Reached skill level 10 in Dodging
   897 | D        | Reached XP level 10. HP: 53/53 MP: 15/19
   898 | D        | Killed an oklob plant summoner
   901 | D        | Killed an oklob plant shifter
  1023 | D        | Noticed a spriggan rider
  1024 | D        | Found Faosaok's Antique Weapon Emporium.
  1028 | D        | Found Welor Kyr's Book Shoppe.
  1044 | D        | Mangled by a spriggan rider

Illustrated notes

Levels and vault maps discovered:
D:        dungeon_sprint_fedhas [sprint_temple]

Skill      XL: |  1  2  3  4  5  6  7  8  9 10 |
---------------+-------------------------------+-----
Dodging        | 2 3 4 5 7 8 10 | 10.3
Stealth        | 8 10 12 13 15 18 19 21 23 | 23.9
Fighting       | 2 3 4 5 6 |  6.4
Short Blades   | 3 4 5 6 |  6.2
Evocations     | 1 3 5 6 8 10 11 | 11.2
Throwing       | 3 |  3.7
Spellcasting   | 3 5 |  5.8
Fire Magic     | 2 3 |  3.0
Earth Magic    | 2 3 |  3.2
Conjurations   | 2 |  2.7

Action                   |  1- 3 |  4- 6 |  7- 9 | 10-12 || total
-------------------------+-------+-------+-------+-------++-------
Melee: Dagger            |     7 |     7 |    22 |     7 ||    43
Throw: Dart              |       |       |       |     4 ||     4
 Abil: Evoke Invisibilit |       |     3 |     7 |     1 ||    11
  Use: Scroll            |       |       |     5 |       ||     5
 Stab: Sleeping          |     3 |     7 |    13 |     4 ||    27
       Invisible         |       |       |     5 |       ||     5
Dodge: Dodged            |     2 |       |     9 |     7 ||    18
